Workbook

Sheet Sheet1
D1: 资产处置清单
A3: 序号 | B3: 资产包名称 | C3: 债务人名称 | D3: 债权本金 | E3: 担保措施 | F3: 保证人 | G3: 抵质押物 | H3: 团队长 | I3: 备注
A4: 1 | B4: 收购江苏银行深圳分行福麒珠宝等8户不良资产包项目 | C4: 深圳市福麒珠宝首饰有限公司 | D4: 10368.737 | E4: =VLOOKUP(C4,[1]分户!$E:$L,8,0) -> 保证 | F4: 深圳市荣兴（集团）股份有限公司、德润房地产开发集团有限公司、庄儒桂、庄逸鸿、庄清健、庄清鑫、深圳市荣兴华茂投资有限公司、怀化市凯诚矿业有限公司 | G4: 无 | H4: 廖诗伟
A5: 2 | B5: 收购江苏银行深圳分行福麒珠宝等8户不良资产包项目 | C5: 深圳市圣麟珠宝首饰有限公司 | D5: 5000 | E5: 保证 | F5: 深圳市德钧盛世网络科技有限公司、庄清鑫、庄儒桂、庄清健、庄素丽、德润房地产开发集团有限公司、庄逸鸿 | G5: 无 | H5: 廖诗伟
A6: 3 | B6: 收购江苏银行深圳分行福麒珠宝等8户不良资产包项目 | C6: 深圳市壮山石材有限公司 | D6: 9950.2942 | E6: 抵押+质押+保证 | F6: 深圳市远大生态文化有限公司、深圳市鸿泰宝聚投资发展有限公司、王为平（单个人）、王文杰（单个人） | G6: ①宝安区观澜街道汉士达华庭一期11栋A、B，9栋A、B共四套住宅，面积合计1508.1㎡； ②以王文杰持有的借款人深圳市壮山石材有限公司100%股权质押； | H6: 廖诗伟
A7: 4 | B7: 收购江苏银行深圳分行深圳市富安顺贸易有限公司等5户不良资产包项目 | C7: 深圳颐和酒店用品有限公司 | D7: 7500 | E7: 抵押+保证 | F7: 肖伟、周初、周煌、深圳市油富投资管理有限公 | G7: 1. 深圳市龙华区观澜街道牛湖的工业厂房一栋一层、二层、五层（3套面积合计2101㎡） 2. 福田区彩田北路翡翠名园综合楼2层办公（面积2034.08平方）3层办公（面积562.68㎡） | H7: 何剑峰
A8: 5 | B8: 收购江苏银行深圳分行深圳市富安顺贸易有限公司等5户不良资产包项目 | C8: 深圳市光正绿化有限公司 | D8: 7449.831 | E8: 抵押+保证 | F8: 潘少琳 | G8: 1.云南省西双版纳勐海县编号为海林证字（2009）第0801042000号的林权抵押，1300亩。 | H8: 何剑峰
A9: 6 | B9: 收购广发银行深圳万基药业等98户不良资产包项目 | C9: 惠州市源东钢构有限公司 | D9: 4296.0405 | E9: 抵押+保证 | F9: 陈东京、陈沿达、惠州市源东国际集团有限公司、陈木亮、惠州市源东国际商贸广场有限公司、陈俊瑾、孙琬淘 | G9: 陈俊瑾名下惠州市惠城区下埔大道10号一层之1、4、5号商场，孙琬淘名下8号商场、下埔大道10号二层之二商场，惠州市源东国际商贸广场有限公司名下下埔路10号之一第一层、第二层和第三层北面商场，总建筑面积2808.2平方米。 | H9: 何剑峰
A10: 7 | B10: 收购广发银行深圳万基药业等98户不良资产包项目 | C10: 惠州市中泰化工油料有限公司 | D10: 1573.0535 | E10: 抵押+保证 | F10: 惠州市东信集团有限公司、孙琬淘、陈柯桦及陈楚翔、陈俊瑾、程淑旁 | G10: 1、孙琬淘名下位于惠州市南新路30号家华花园C栋首层P05、06、10、11号面积合计为277.02平方米的房屋及惠州市惠沙堤1号明辉楼堤上二层01号面积为416.96平方米的商场。2、陈楚翔名下位于惠州市惠沙堤1号明辉楼堤上一层01号面积为307.06平方米的商场。 | H10: 何剑峰
A11: 8 | B11: 收购广发银行深圳万基药业等98户不良资产包项目 | C11: 惠州市友信贸易有限公司 | D11: 1266.0551 | E11: 抵押+保证 | F11: 张惠生、罗小兵、陈高南、林珊 | G11: 陈高南名下位于惠州市小金口镇青塘大树岭村A栋第一层商铺，面积1215.12平方米 | H11: 何剑峰
A12: 9 | B12: 收购广发银行深圳万基药业等98户不良资产包项目 | C12: 惠城区林木衣柜加工厂 | D12: 290 | E12: 抵押+保证 | F12: 钟林木、刘兰英，系夫妻关系 | G12: 1、提供位于惠州市麦地路30号麦雅大厦301商场，面积为259.22平方米；2、提供位于惠州市麦地路30号麦雅大厦307商场，面积为232.04平方米。 | H12: 何剑峰
A13: 10 | B13: 收购广发银行深圳万基药业等98户不良资产包项目 | C13: 惠州市家华置业发展有限公司 | D13: 1144.5451 | E13: 抵押+保证 | F13: 陈东京、惠州市佳家福购物有限公司 | G13: 借款人以名下位于惠州市科肚路1号之二“东信新苑”房地产项目的在建工程作抵押，现剩余在押状态的在建工程有：1、住宅64套，建筑面积6369平方米；2、商铺二层，面积5623平方米；3、车位：312个，面积12609平方米 | H13: 何剑峰
A14: 11 | B14: 收购广发银行深圳万基药业等98户不良资产包项目 | C14: 惠州升信电子有限公司 | D14: 285.91355 | E14: 抵押+保证 | F14: 广东荣兴控股集团有限公司、洪丽君、姜涛、李华智、隋炳和、朱文龙 | G14: 1、吴志忠名下位于博罗县罗阳镇体育大道东延段五矿.哈施塔特一期一区22栋02、面积为367.52平方米的住宅作抵押；2、惠州市展望置业发展有限公司名下位于惠州市惠城区永湖镇彩一村地段的一幅商业用地、面积为15261.00平方米。 | H14: 何剑峰
A15: 12 | B15: 收购广发银行深圳万基药业等98户不良资产包项目 | C15: 惠州市意生百货有限公司 | D15: 5000 | E15: 抵押+保证 | F15: 惠州市置信房地产开发有限公司、李蓬灿 | G15: 无 | H15: 何剑峰
A16: 13 | B16: 收购广发银行深圳万基药业等98户不良资产包项目 | C16: 惠州市成达塑胶开发有限公司 | D16: 1688.0226 | E16: 抵押+保证 | F16: 叶晓婷、陈东雄、陈东京、陈沿达及惠州市源东国际集团有限公司 | G16: 借款人提供陈雅彤（林淑慧）名下位于惠博大道388号奥林匹克花园的住宅（面积266.00平方米）、横江三路数码商业街的商场（面积合计为120.79平方米）、东湖西路168号隆生半岛广场的住宅（面积为211.42平方米）以及陈珂桦名下位于惠州市江北14号小区“光耀橙子公寓”2层01号（面积2282.99平方米）、陈东京名下位于惠州市河南岸班樟湖惠沙堤二路88号珑湖湾一期1组团5号房（面积266.60平方米）、陈沿达名下位于深圳市龙岗区龙岗镇龙河路榭丽花园1栋商铺129、深圳市宝安区西乡街道银田路玉湖湾花园1栋040（面积合计194.27平方米）、陈沿达、陈沿睿名下惠州市惠城区汝湖镇雅居乐大道1号揽翠堡19栋的房产（面积700.07平方米）作抵押 | H16: 何剑峰
... A23: 20 | B23: 收购广发银行深圳万基药业等98户不良资产包项目 | C23: 河源市亿通农林牧资源实业有限公司 | D23: 260 | E23: 抵押+保证 | F23: 程连娣，温发，温郭增锃 | G23: 程连娣名下河源市源西石坪路北一巷东66-7号住宅，建筑面积1006.3平方米 | H23: 何剑峰
A24: 21 | B24: 收购广发银行深圳万基药业等98户不良资产包项目 | C24: 河源市建曦汽车销售有限公司 | D24: 180.26835 | E24: =VLOOKUP(C24,[1]分户!$E:$L,8,0) -> 保证 | F24: 缪军胜，黄玉宁，郭利英 | G24: 无 | H24: 何剑峰
A25: 22 | B25: 收购广发银行深圳万基药业等98户不良资产包项目 | C25: 河源市海联钨制品有限公司 | D25: 1500 | E25: 抵押+保证 | F25: 欧乐良，廖道侦，陈伟雄 | G25: 河源市鸿达投资发展有限责任公司（原企业名称：广东河源鸿达企业集团）名下位于广东省河源市源城区源城区9858.20平方米商业用地土地使用权 | H25: 何剑峰
A26: 23 | B26: 收购广发银行深圳万基药业等98户不良资产包项目 | C26: 连平县东成实业发展有限公司 | D26: 1490 | E26: 抵押+保证 | F26: 黄森泉，何丽珍，邱鼎文，黄炜锋，黄少敏 | G26: 连平县东成实业发展有限公司名下位于连平县元善镇南湖村综合用地（连府国用（2008）第000267号）综合用地作抵押，面积11035平方米，目前为空置、已平整。 | H26: 何剑峰
A27: 24 | B27: 收购广发银行深圳万基药业等98户不良资产包项目 | C27: 河源市铭悦电器有限公司 | D27: 2122 | E27: 抵押+保证 | F27: 1.东源华泰建筑工程有限公司； 2.河源市源城区锦绣荣华房地产开发有限公司； 3.东源华泰建筑劳务工程有限公司； 4.8个自然人保证：陈寿鹏，黄宏欢,于春梅，袁秀华，袁嘉驰，陈奇文，陈炎妹，罗凤 | G27: 于春梅名下4套房产，具体房产为：1、河源市宝源山庄宝源一路西宝源综合楼第4卡、5-6卡一/二层商住楼，面积合计666.6平方米；2、河源市西堤路18号锦绣名雅骏逸轩101-102号、201-202房商住楼，面积501.21平方米；3、河源市东升路下沥东3-1号住宅，面积458.45平方米。追加河源市源城区锦绣荣华房地产开发有限公司名下位于河源市源城区长堤西堤路段“锦绣花园”项目部分在建工程为该笔授信作抵押担保，在押在建工程有5933.22平方米，合计40套房产。 | H27: 何剑峰
A28: 25 | B28: 收购广发银行深圳万基药业等98户不良资产包项目 | C28: 河源市骏业针织制衣有限公司 | D28: 222.15247 | E28: 抵押+保证 | F28: 赖国伟，陈雪雄，陈青强，刘立强，刘利萍，龙川县源丰针织有限公司 | G28: 1、龙川县源丰针织有限公司名下位于河源市龙川县鹤市镇鹤紫路上冯厂房1（粤房地权证鹤公字第1220140006号）、办公楼（粤房地权证鹤公字第1220140009号）、宿舍（粤房地权证鹤公字第1220140005号）、厂房2（粤房地权证鹤公字第1220140007号）、保安亭（粤房地权证鹤公字第1220140008号）、建筑物下工业用地{证号：龙府国用（转）第0019260号}，面积合计12245.93平方米。2、刘利萍名下位于河源市源城区滨江大道北288号宝豪御龙湾4栋902号房，面积132.80平方米。3、河源市骏业针织制衣有限公司名下88套机器设备。 | H28: 何剑峰
A29: 26 | B29: 收购广发银行深圳万基药业等98户不良资产包项目 | C29: 河源市东雄贸易有限公司 | D29: 1916.8951 | E29: 抵押+保证 | F29: 胡敬东，欧惠梅，郭建生 | G29: 河源市雅园物业发展有限公司名下位于河源市大同路西边文明路南边雅园大厦-大同美食城；1、A栋A305、A405、A505号商住楼，面积合计315.75平方米；2、A栋A307、A407、A507号商住楼，建筑面积316.28平方米；3、B502、B503、B504、B505、B506、B507、C栋第五层商业营业用房，建筑面积1827.96平方米；4、黄德平名下位于河源市大同路西边文明路南边雅园大厦-大同美食城B幢402、B403、B404、B405、B406、B407号商业营业用房，建筑面积2050.52平方米；5、黄新泉名下位于 河源市市区四耳桥西巷28号北边 住宅用地使用权，面积377.83平方米 。 | H29: 何剑峰
A30: 27 | B30: 收购广发银行深圳万基药业等98户不良资产包项目 | C30: 梅州淦源建材科技有限公司 | D30: 947.896 | E30: 抵押+保证 | F30: 吴小淦、吴志丽、吴小辉、吴小奎、钟权基、 | G30: 蕉岭县新铺镇北方村工业用地使用权（面积40000M²）及地上22处附件物（面积：13792.53M²） | H30: 何剑峰
A31: 28 | B31: 收购浙商银行深圳分行广森集团等6户不良资产包项目 | C31: 深圳市广森投资集团有限公司 | D31: 9300 | E31: 抵押+保证 | F31: 深圳市东银房地产开发有限公司、李森、钟帆飞 | G31: 东莞市大朗镇银朗南路289号美爵花园12号商业办公楼的370套房产 | H31: 何剑峰
A32: 29 | B32: 收购浙商银行深圳分行广森集团等6户不良资产包项目 | C32: 广东文化长城集团股份有限公司 | D32: 6696.1044 | E32: 抵押+保证 | F32: 蔡廷祥、吴淡珠 | G32: 广东文化长城集团股份有限公司名下位于潮州市枫溪区蔡陇大道长城公司D幢厂房（不动产权证号: 粤房地权证潮房字第2016038217号）、潮州市枫溪区蔡陇大道长城公司G幢生产车间（不动产权证号：粤房地权证潮房字第 2016038183号） | H32: 何剑峰
A33: 30 | B33: 收购浙商银行深圳分行广森集团等6户不良资产包项目 | C33: 深圳市建装业集团股份有限公司 | D33: 3165.8653 | E33: 保证 | F33: 深圳市建装业房地产投资有限公司、深圳市盛世中皇控股有限公司、管纪忠、刘小芳、管玉涌 | G33: 无 | H33: 何剑峰
A34: 31 | B34: 华润银行东莞贵族装饰等22户资产包 | C34: 东莞市贵族装饰工程有限公司 | D34: 246.21565 | E34: 抵押+保证 | F34: 保证人：黎润江、林建新、陈惠珠（林建新配偶） | G34: 四川省泸州市江阳区江阳中路38号楼门市5套（1层、2层） | H34: 陈国全
A35: 32 | B35: 华润银行东莞贵族装饰等22户资产包 | C35: 惠州市天合建筑有限公司 | D35: 9964.4597 | E35: 抵押+保证 | F35: 保证人：惠州市众望集团有限公司、郭耀名、光耀集团有限公司 | G35: 光耀集团公司名下位于惠州大亚湾澳头惠澳大道2号光耀海豚湾花园半地下室1号房、2号房等合计1,340.41㎡的21套房产 | H35: 陈国全
A36: 33 | B36: 华润银行东莞贵族装饰等22户资产包 | C36: 佛山市南海永华木业有限公司 | D36: 2000 | E36: =VLOOKUP(C36,[1]分户!$E:$L,8,0) -> 保证 | F36: 保证人：佛山市南海区穗成木业有限公司、广东美景林业发展有限公司、五华永华木业有限公司、紫金县东美基地林有限公司、黎志康 | G36: 无 | H36: 陈国全
A37: 34 | B37: 华润银行东莞贵族装饰等22户资产包 | C37: 广东金延能源有限公司 | D37: 10509.502 | E37: 抵押+保证 | F37: 保证人：广州时尚家居装饰材料广场有限公司、余小洁、余远霖、余秋生 | G37: 广州时尚家居装饰材料广场有限公司名下位于广州市天河区天河北路719号首层物业抵押，建筑面积1996.38平方米。 | H37: 陈国全
A38: 35 | B38: 华润银行东莞贵族装饰等22户资产包 | C38: 纵横天地电子商旅服务有限公司 | D38: 6000 | E38: =VLOOKUP(C38,[1]分户!$E:$L,8,0) -> 保证 | F38: 由广东新一代商务管理有限公司提供连带责任保证担保；由受信人股东陈泽良、黄泽华分别提供个人连带责任保证担保；由广东益民旅游休闲服务有限公司提供连带责任保证担保 | G38: 无 | H38: 陈国全
A39: 36 | B39: 信达广分广东智力宝食品等311户包 | C39: 潮州市潮安区庵埠玉皇阁音乐城 | D39: 1336.9244 | E39: 抵押+保证 | F39: 抵押人：潮安县声乐大酒店有限公司； 保证人：潮州市潮安区声乐大酒店有限公司、张翼翔、侯缨、蔡锦声、莫少梅 | G39: 抵押担保：声乐酒店第四层至六层的商业房产，建筑面积合计3379.14平方米 | H39: 廖诗伟
A40: 37 | B40: 信达广分广东智力宝食品等311户包 | C40: 潮州市潮安区信诚印刷厂 | D40: 2311.9363 | E40: 抵押+保证 | F40: 抵押人：潮安县声乐大酒店有限公司； 保证人：潮州市潮安区声乐大酒店有限公司、潘培宏、蔡丽红、蔡锦声、莫少梅 | G40: 抵押担保：声乐酒店第二至三层的商业房产，建筑面积合计3143.86平方米 | H40: 廖诗伟
A41: 38 | B41: 信达广分广东智力宝食品等311户包 | C41: 潮州市潮安区声乐大酒店有限公司 | D41: 2364.8081 | E41: 抵押+保证 | F41: 抵押人：潮安县声乐大酒店有限公司； 保证人：蔡锦声、莫少梅、杨舜卿 | G41: 抵押担保：声乐酒店用地及酒店首层，包括（1）声乐酒店名下的一宗商住用地，面积3959.33平方米；（2）声乐酒店第一层的商业房产，建筑面积1771.94平方米；（3）潮安县庵埠镇文里村民委员会名下的一宗集体用地，面积457.45平方米。 | H41: 廖诗伟
A42: 39 | B42: 信达广分广东智力宝食品等311户包 | C42: 潮州市潮安区众合园食品有限公司 | D42: 2119.2753 | E42: 抵押+保证 | F42: 抵押人：潮安县声乐大酒店有限公司； 保证人：潮州市潮安区声乐大酒店有限公司、潘孝深、林莲香、蔡锦声、莫少梅、潘图杰、潘惠芳、潘孝桐、潘伊丽 | G42: 抵押担保：声乐酒店第十至十二层的商业房产，建筑面积合计2738.26平方米 | H42: 廖诗伟
A43: 40 | B43: 信达广分广东智力宝食品等311户包 | C43: 潮州市潮安区华港印务有限公司 | D43: 2005.4424 | E43: 抵押+保证 | F43: 抵押人：潮安县声乐大酒店有限公司； 保证人：潮州市潮安区声乐大酒店有限公司、蔡锦声、莫少梅、陈炎锐、杨海心 | G43: 抵押担保：声乐酒店第七至九层的商业房产，建筑面积合计3181.38平方米 | H43: 廖诗伟
A44: 41 | B44: 信达广分广东智力宝食品等311户包 | C44: 汕头保税区佳辰发展公司 | D44: 46757.421 | E44: =VLOOKUP(C44,[1]分户!$E:$L,8,0) -> 保证 | F44: 汕头经济特区鸿兴经济发展公司 | G44: 无 | H44: 廖诗伟
A45: 42 | B45: 信达广分广东智力宝食品等311户包 | C45: 潮阳市桂光（集团）有限公司 | D45: 2772.104 | E45: =VLOOKUP(C45,[1]分户!$E:$L,8,0) -> 信用 | F45: 无 | G45: 无 | H45: 廖诗伟
A46: 43 | B46: 信达广分广东智力宝食品等311户包 | C46: 汕头市南粤经济发展总公司 | D46: 1624.4739 | E46: =VLOOKUP(C46,[1]分户!$E:$L,8,0) -> 保证 | F46: 汕头市育同住宅建设开发公司 | G46: 无 | H46: 廖诗伟
A47: 44 | B47: 收购华融前海财富景兴房地产单户不良资产项目 | C47: 广州市景兴房地产开发有限公司 | D47: 25600 | E47: 抵押+保证 | F47: 景治君、景艺晖、李巧珍 | G47: 抵押： 1、债务人名下广州市越秀区沿江西路143号“爱群·荟景湾”项目A、B塔商业、住宅、办公共11套物业，面积为7970.54㎡。 2、保证人景治君名下的位于广州市越秀区明月一路17号的“凯旋会”住宅，面积为634.04㎡。 3、保证人景艺晖名下位于明月一路19号的“凯旋会”住宅，面积为621.45㎡。 质押： 1、景兴公司现仍有773,135.38元在华融财富保证金账户中提供质押担保。 | H47: 廖诗伟
A48: 45 | B48: 收购华润银行深圳东部开发等3户不良债权资产包 | C48: 深圳市东部开发（集团）有限公司 | D48: 9500 | E48: 抵押+质押+保证 | F48: 保证人深圳市鹏城建筑集团有限公司、 陕西恒通果汁集团股份有限公司、 陕西恒兴果汁饮料有限公司提供连带责任保证担保； | G48: 1、抵押人以名下位于深圳市南山区第五工业区郎山路北侧东物商业大楼0201、0901（房产证号：深房地字第4000275614号、深房地字第4000179857号）的房产为上述综合授信合同项下的债务提供抵押担保，且抵押担保的最高额债权限额为人民币2亿元。 | H48: 陈国全
A49: 46 | B49: 收购华润银行深圳东部开发等3户不良债权资产包 | C49: 深圳市建装业集团股份有限公司 | D49: 1500 | E49: 抵押+质押+保证 | F49: 深圳市盛世中皇控股有限公司、 管纪忠、刘小芳提供连带责任保证担保。 | G49: 建装业名下位于深圳市南山区深南大道北侧、艺园路西佳嘉豪商务大厦7A、7B的房产提供抵押担保； 建装业名下《西安奥体中心项目游泳跳水馆精装修工程施工合同》（合同编号：CRLXT-TYZX-SG-19011）及《昆明华润置地悦府项目二期（A2地块）住宅公共空间装饰工程施工合同》(合同编号：CRSL-KMYF-SG-2019-021)项目的应收账款提供质押担保。 | H49: 陈国全
A50: 47 | B50: 收购华润银行深圳东部开发等3户不良债权资产包 | C50: 东莞市广源实业有限公司 | D50: 1571.44 | E50: 抵押+保证 | F50: 1、由实际控制人尹锐勋（身份证号：442527195312063531）、曾汉容（身份证号：442527195602273529）、尹耀东（身份证号：441900198008153553）提供个人连带责任保证担保。 2、 由上海冠辕投资管理有限公司提供连带责任保证担保。 3、追加东莞市欣宏化工有限公司提供连带责任保证担保。 | G50: 1、 由东莞市海悦实业投资有限公司提供位于东莞市寮步镇富竹山海悦花园悦莱商住小区雅仕阁商铺201号（粤房地权证莞字第1800746657号，建筑面积2265.65平方米）抵押担保，并购买珠海华润银行股份有限公司东莞分行为第一受益人的财产险。 2、 由曾汉容提供名下东莞市厚街镇体育路景源花园（香榭丽公寓）C802号（粤房地证字第C6344177号，建筑面积110.09平米）抵押担保手续，并购买珠海华润银行股份有限公司东莞分行为第一受益人的财产险。银行已处置。 3、 由东莞市泰联实业投资有限公司提供位于东莞市寮步镇西溪村国有工业用地（东府国用（2007）第特339号，土地面积：9096.4平方米）抵押担保。银行已处置。 | H50: 陈国全
A51: 48 | B51: 收购信达深分珠海大成单户不良债权项目 | C51: 珠海市大成汇控文化发展有限公司 | D51: 70000 | E51: 抵押+质押+保证 | F51: 1、陈朗；2、徐娜；3、深圳市众磊信息咨询有限公司；4、贵阳思源房地产开发有限公司；5、深圳市保利天同投资有限公司。 | G51: 1、珠海大成公司名下位于珠海市香洲区北三路南侧、沿河南路西侧，编号为粤房地权证珠字第0100302375号珠海留学博物馆综合体项目的文化设施用地，土地面积30000平方米； 2、珠海市大成汇控文化发展有限公司90%的股权。 | H51: 何剑峰
A52: 49 | B52: 上海银行深圳鸿腾投资等7户不良资产包 | C52: 深圳市鸿腾投资管理有限公司 | D52: 42000 | E52: =VLOOKUP(C52,[1]分户!$E:$L,8,0) -> 保证 | F52: 恒大地产集团有限公司 | G52: 无 | H52: 陈国全
A53: 50 | B53: 上海银行深圳鸿腾投资等7户不良资产包 | C53: 深圳市康年科技有限公司 | D53: 13300 | E53: 抵押+保证 | F53: 花样年集团（中国）有限公司、深圳市福泰年投资管理有限公司 | G53: 由成都望丛房地产开发有限公司名下位于成都郫都区郫筒镇郫花路299号8栋1-17层1号的物业提供抵押担保 | H53: 陈国全
A54: 51 | B54: 上海银行深圳鸿腾投资等7户不良资产包 | C54: 佳兆业文化体育发展有限公司 | D54: 12000 | E54: 抵押+保证 | F54: 佳兆业集团（深圳）有限公司 | G54: 由佳兆业集团（深圳）有限公司提供名下龙岗区布吉镇大芬村桂芳园39套商铺物业（商铺，面积4958.62㎡）抵押担保 | H54: 陈国全
A55: 52 | B55: 上海银行深圳鸿腾投资等7户不良资产包 | C55: 深圳市蓝盾满泰科技发展有限公司 | D55: 9999.7321 | E55: =VLOOKUP(C55,[1]分户!$E:$L,8,0) -> 保证 | F55: 蓝盾信息安全技术股份有限公司、柯宗贵（免配偶）、柯宗庆（免配偶） | G55: 无 | H55: 陈国全
A56: 53 | B56: 上海银行深圳鸿腾投资等7户不良资产包 | C56: 深圳市星宇金都投资有限公司 | D56: 7000 | E56: 抵押+保证 | F56: 深圳市星都置业有限公司、郭秋裕、黄雪琴 | G56: 郭秋裕提供名下位于福田区竹子林教育科技大厦塔楼04层抵押 | H56: 陈国全
A57: 54 | B57: 上海银行深圳鸿腾投资等7户不良资产包 | C57: 深圳市金鸿铭塑胶制品有限公司 | D57: 6690 | E57: 抵押+保证 | F57: 深圳市兴霖塑胶有限公司、彭海泉、王玲、林振洪 | G57: 以东莞市陶然居房地产开发有限公司名下位于东莞市长安镇紫荆广场39套商铺抵押担保 | H57: 陈国全
A58: 55 | B58: 广发银行深圳分行中创联合投资等3户不良债权资产包 | C58: 深圳市中创联合投资有限公司 | D58: 11393 | E58: 抵押+保证 | F58: 1.深圳市键航鹰房地产开发有限公司 2.深圳市九华彩珠宝首饰有限公司 3.深圳市华基泰投资发展有限公司 4.深圳市国锦投资发展有限公司 5.深圳市国泰永恒物业有限公司 6.深圳市艺华珠宝首饰股份有限公司 7.庄儒平、李伟、李霞 | G58: 1.抵押物为深圳市中创联合投资有限公司以其名下的位于深圳市罗湖区罗芳路金枫花园9栋西段一层（裙楼）【685.2㎡】、二层（裙楼）【799.72㎡】【房产证号分别为：粤（2015）深圳市不动产权第0006062号、粤（2015）深圳市不动产权第0006071号】。抵押物类型：商铺。抵押物使用情况：出租 | H58: 陈国全
A59: 56 | B59: 广发银行深圳分行中创联合投资等3户不良债权资产包 | C59: 深圳市艺华珠宝首饰股份有限公司 | D59: 8806.1979 | E59: 抵押+保证 | F59: 1、深圳市中创联合投资有限公司； 2、深圳市九华彩珠宝首饰有限公司； 3、深圳市华基泰投资发展有限公司； 4、深圳市国锦投资发展有限公司； 5、深圳市尚美地投资有限公司； 6、SINO EMINENT LIMITED 华成有限公司； 7、庄儒平、庄儒义、卓柔莲、李霞、庄卫、庄健、王建云、李伟 | G59: 1.深圳市福田区深南大道与彩田路交汇处嘉麟豪庭A座2702房【建筑面积266.42平方米，房产证号为：粤（2015）深圳市不动产权第0012573号】。抵押物类型：住宅。抵押物使用情况：出租 | H59: 陈国全
A60: 57 | B60: 浙商银行神州长城等4户不良资产包 | C60: 梓宁建设集团有限公司 | D60: 7000 | E60: 抵押+质押+保证 | F60: 1.广东瑞光康泰科技有限公司、慧峰建设集团股份有限公司、安能（深圳）建设投资集团有限公司 2.曲扬慧、许峰夫妇 | G60: 1.抵押物：广东瑞光康泰科技有限公司名下位于中山市翠亨新区翠航道5号的工业配套用房，性质为工业配套用房（共四栋，其中三栋按照标准写字楼设计装修，一栋按照员工宿舍楼装修）。抵押物目前为简易装修状态，抵押物产权面积33878.43平方米。 2.股权质押：由广东瑞光康泰科技有限公司100%的股权提供质押担保； 3.应收账款质押担保：受信人承接的中山市产业平台（民众园）综合开发PPP项目-锦丰大道（南北大道-上浪北路）道路工程建设工程施工合同（合同编号：ZN-MZ-HT-010）、中山市产业平台（民众园）综合开发PPP项目-幸福大道（人民路-2号路）道路工程建设工程施工合同（合同编号：ZN-MZ-HT-006）、中山市产业平台（民众园）综合开发PPP项目-南北大道（接源涌桥段）道路工程建设工程施工合同（合同编号：ZN-MZ-HT-004）的应收账款质押担保。 | H60: 陈国全
A61: 58 | B61: 浙商银行神州长城等4户不良资产包 | C61: 深圳市飞马国际供应链股份有限公司 | D61: 14673.399 | E61: 保证 | F61: 由飞马投资控股有限公司情况、东莞市飞马物流有限公司、东莞市华南塑胶城投资有限公司、黄壮勉、洪琰提供连带责任保证担保。 | G61: 无 | H61: 陈国全
A62: 59 | B62: 浙商银行神州长城等4户不良资产包 | C62: 深圳市年富供应链有限公司 | D62: 8671.0502 | E62: =VLOOKUP(C62,[1]分户!$E:$L,8,0) -> 保证 | F62: 由深圳市年富实业发展有限公司、深圳富裕控股有限公司、李文国提供连带责任保证担保。 | G62: 无 | H62: 陈国全
A63: 60 | B63: 浙商银行神州长城等4户不良资产包 | C63: 神州长城股份有限公司 | D63: 18486.717 | E63: =VLOOKUP(C63,[1]分户!$E:$L,8,0) -> 保证 | F63: 由神州长城国际工程有限公司、陈略，中国工投投资有限公司、何飞燕提供连带责任保证担保。 | G63: 无 | H63: 陈国全
A64: 61 | B64: 华润银行宜华企业集团等4户不良资产包 | C64: 广州市花都兴泰商贸有限公司 | D64: 2430.3517 | E64: 抵押+保证 | F64: 王健文、杨洁、王建强、王俊豪、广州市喜悦月子会所有限公司 、广州市花都区衡健医疗门诊部 | G64: 广州市花都区新华路36号首层商铺2、第四层、第五层、第七层、第八层、第九层第一顺位抵押权，广州市花都区新华路32号首层、广州市花都区新华路36号第二层、第三层第二顺位抵押权 | H64: 陈国全
A65: 62 | B65: 华润银行宜华企业集团等4户不良资产包 | C65: 广州市喜悦月子会所有限公司 | D65: 910 | E65: 抵押+保证 | F65: 王健文、杨洁、王建强、王俊豪、广州市喜悦月子会所有限公司 、广州市花都区衡健医疗门诊部 | G65: 广州市花都区新华路32号首层、广州市花都区新华路36号第二层、第三层第一顺位抵押权；广州市花都区新华路36号首层商铺2、第四层、第五层、第七层、第八层、第九层第二顺位抵押权 | H65: 陈国全
A66: 63 | B66: 创兴银行深圳花万里等4户不良资产包 | C66: 花样年集团（中国）有限公司 | D66: 19732.543 | E66: 抵押+质押+保证 | F66: 花样年控股集团有限公司 | G66: 1、深圳龙岗区龙岗镇安博科技宝龙厂区厂房（65653.72平方米） 2、抵押物(安博厂房）对应的租金应收账款质押 | H66: 陈国全
A67: 64 | B67: 创兴银行深圳花万里等4户不良资产包 | C67: 汕头市佳宸信息咨询有限公司 | D67: 9985.7 | E67: 抵押+保证 | F67: 佳兆业集团（深圳）有限公司 | G67: 汕头龙湖区东海岸新城新津片区D01-01地块 | H67: 陈国全
A68: 65 | B68: 创兴银行深圳花万里等4户不良资产包 | C68: 佳兆业文化体育（深圳）有限公司 | D68: 3016.1803 | E68: 抵押 | F68: 无 | G68: 1、佳兆业集团（深圳）有限公司持有的深圳龙岗区可园（四期）12号商铺1区142-145，一共4套； 2、深圳市大鹏佳兆业房地产开发有限公司持有的深圳大鹏新区佳兆业假日广场1栋1座B单元302等共15套房产（包括7住宅和8公寓）； | H68: 陈国全
A69: 66 | B69: 收购华夏深分德业基投资集团等6户不良资产包项目 | C69: 深圳市德业基投资集团有限公司 | D69: 13234.594 | E69: 抵押+保证 | F69: 深圳市宝安辉煌实业有限公司、深圳市中旭担保有限公司、深圳市德业基房地产开发有限公司、陈少辉、陈银英、陈华、陈冠峰 | G69: 1、陈冠峰名下德意名居（一期）1栋103-105共3套商业物业（建筑面积335.56平方米），2、深圳市宝安辉煌实业有限公司名下德业新城花园A区1-2号楼2座101号商铺（建筑面积5709.38平方米）作顺位抵押。 | H69: 廖诗伟
A70: 67 | B70: 收购华夏深分德业基投资集团等6户不良资产包项目 | C70: 深圳市荣艺建筑装饰工程有限公司 | D70: 14800 | E70: 抵押+保证 | F70: 深圳市德业基投资集团有限公司、深圳市德业基房地产开发有限公司、深圳市宝安辉煌实业有限公司、陈少辉、陈银英、陈冠峰 | G70: 深圳市德业基投资集团有限公司名下德业新城花园B区3号楼101铺（建筑面积6065.34平方米） | H70: 廖诗伟
A71: 68 | B71: 收购华夏深分德业基投资集团等6户不良资产包项目 | C71: 深圳市宝安辉煌实业有限公司 | D71: 7850 | E71: 抵押+保证 | F71: 深圳市德业基投资集团有限公司、陈少辉 | G71: 深圳市宝安辉煌实业有限公司名下德业新城花园A区1-2号楼2座101号铺（建筑面积5709.38平方米） | H71: 廖诗伟
A72: 69 | B72: 收购华夏深分德业基投资集团等6户不良资产包项目 | C72: 深圳市建装业集团股份有限公司 | D72: 165.88172 | E72: 保证 | F72: 深圳市中小企业融资担保有限公司（已代偿履行完毕担保责任）、深圳市盛世中皇控股有限公司、深圳市中皇汇通投资合伙企业、管纪忠及其配偶刘小芳 | G72: 无 | H72: 廖诗伟
A73: 70 | B73: 收购上海银行深圳分行康美药业等5户不良资产包项目 | C73: 深圳市鹏城建筑集团有限公司 | D73: 17000 | E73: 抵押+质押+保证 | F73: 深圳市东部开发（集团）有限公司 | G73: 1、由深圳市鹏城建筑集团有限公司名下房产鑫竹苑A栋23层（753.09平方米，办公楼）、深圳市东部开发（集团）有限公司名下松坪山单身宿舍11栋101-109等合计22套房产（共计8085.8平方米，宿舍）提供抵押担保。 2、安托山总部大厦施工总承包工程应收账款质押担保 | H73: 何剑峰
A74: 71 | B74: 收购上海银行深圳分行康美药业等5户不良资产包项目 | C74: 深圳市广晟兴不锈钢制品有限公司 | D74: 6000 | E74: 抵押+质押+保证 | F74: 刘铁亮、方立群、冯升升、广东速美佳智能科技有限公司、速美佳智能科技（深圳）集团有限公司 | G74: 1、深圳市百源德贸易有限公司名下物业惠州市惠城区江北文明一路5号意生国际广场5层01号作抵押担保（多功能厅，面积6947.66㎡）； 2、速美佳智能科技（深圳）集团有限公司持有的深圳市百源德贸易有限公司100%股权作质押担保 | H74: 何剑峰
A75: 72 | B75: 收购上海银行深圳分行康美药业等5户不良资产包项目 | C75: 深圳市德安国际货运代理有限公司 | D75: 9715.1113 | E75: 抵押+保证 | F75: 深圳雪丽阿姨洗衣屋有限公司、谢俊才、林君仪、深圳市弘森投资有限公司、谢晓杰 | G75: 以宝安区西乡镇宝民路西侧贤基大厦一栋110-118等9套物抵押（商铺，面积798.64㎡） | H75: 何剑峰
A76: 73 | B76: 收购上海银行深圳分行康美药业等5户不良资产包项目 | C76: 深圳市耀坤宝实业有限公司 | D76: 5448.1787 | E76: 抵押+保证 | F76: 李志然、蔡晓红、广东天盈塑料管材有限公司、深圳市恒信和科技有限公司 | G76: 深圳市南山区懿德轩E栋5单元802（写字楼，面积281.89㎡） | H76: 何剑峰
A77: 74 | B77: 收购上海银行深圳分行康美药业等5户不良资产包项目 | C77: 康美药业股份有限公司 | D77: 99970.148 | E77: =VLOOKUP(C77,[1]分户!$E:$L,8,0) -> 保证 | F77: 康美实业投资控股有限公司、马兴田、许冬瑾、康美（毫州）华佗国际中药城有限公司、康美中药城（普宁）有限公司 | G77: 无 | H77: 何剑峰
A78: 75 | B78: 收购东方资产兴一实业公司单户不良资产项目 | C78: 广东兴一实业有限公司 | D78: 10530.062 | E78: 抵押+保证 | F78: 邹国威、刘秋红 | G78: 康怡（中国）有限公司以其位于广东省深圳市文锦广场A座132套公寓式办公房地产（建筑面积合计9,479.30㎡）为抵押 | H78: 何剑峰
A79: 76 | B79: 收购工商银行深圳分行铭德汇公司等6户不良资产包项目 | C79: 深圳市铭德汇发展有限公司 | D79: 77399.994 | E79: 抵押+质押+保证 | F79: 1.深圳市富德义房地产综合开发有限公司； 2.深圳市盛隆兴业投资发展有限公司； 3.深圳市粤群龙发展有限公司； 4.陆河县昶宏温泉山庄发展有限公司； 5.深圳市汇润达投资发展有限公司； 6.深圳市新马道商贸有限公司； 7.粤群龙（深圳）投资有限公司； 8.彭武豪； 9.彭嘉龙； 10.彭嘉达 | G79: 抵押物：1.深圳市盛隆兴业投资发展有限公司名下位于深圳市龙岗区中心城铭德大厦AB座1-3层商业物业（用途：商业，建筑面积：13,650.6㎡）； 2.深圳市盛隆兴业投资发展有限公司名下位于深圳市龙岗区中心城铭德大厦A座4-19层物业（用途：商业性办公，建筑面积：19,156.78㎡） 质押物：1.深圳市铭德汇发展有限公司100%股权；2.深圳市铭德汇发展有限公司2019-2034年全部应收账款； | H79: 何剑峰
A80: 77 | B80: 收购工商银行深圳分行铭德汇公司等6户不良资产包项目 | C80: 深圳市粤群龙发展有限公司 | D80: 34213.071 | E80: 抵押+质押+保证 | F80: 1.深圳市富德义房地产综合开发有限公司； 2.深圳市盛隆兴业投资发展有限公司； 3.深圳市宝安东南实业有限公司； 4.陆河县昶宏温泉山庄发展有限公司； 5.深圳市汇润达投资发展有限公司； 6.深圳市新马道商贸有限公司； 7.彭武豪； 8.罗益妹 | G80: 抵押物：1.彭武豪、彭嘉达、彭嘉龙、彭嘉、彭嘉惠等5人名下深圳市龙岗区中心城深业紫麟山花园N6栋复式1A等6套别墅（用途：住宅，建筑面积：1,512.61㎡）； 2.深圳市富德义房地产综合开发有限公司、彭嘉达名下深圳市龙岗区龙岗街道富德中心A121等23套商铺（用途：商业，建筑面积：1,041.41㎡）； 3.彭武豪名下位于广东省汕尾市陆河县河田镇朝阳路2套房产（用途：商业，建筑面积：9,454.41㎡）； 4.深圳市盛隆兴业投资发展有限公司名下位于深圳市龙岗区中心城铭德大厦AB座1-3层商业物业（用途：商业，建筑面积：13,650.6㎡，第四顺位）； 5.深圳市盛隆兴业投资发展有限公司名下位于深圳市龙岗区中心城铭德大厦A座4-19层物业（用途：商业性办公，建筑面积：19,156.78㎡，第四顺位） 质押物：1.深圳市粤群龙发展有限公司100%股权； 2.深圳市盛隆兴业投资发展有限公司100%股权； 3.深圳市宝安东南实业有限公司100%股权； | H80: 何剑峰
A81: 78 | B81: 收购工商银行深圳分行铭德汇公司等6户不良资产包项目 | C81: 十方云水（深圳）旅游投资有限公司 | D81: 44795.844 | E81: 抵押+质押+保证 | F81: 1.深圳市君轩生物技术有限公司 2.龙门南昆山中恒生态旅游开发有限公司； 3.张贤阳； 4.张浠煜； 5.宋劲松 | G81: 抵押物：1.张贤阳名下住宅，地址位于深圳市南山区华侨城路华侨城纯水岸（十二期）2栋第1-2层48号房（用途：居住，建筑面积：639.35㎡，第二顺位抵押，一押为在交行办理的按揭贷款）； 2.张贤阳名下住宅，地址位于上海市松江区余山镇余北公路389弄15号（用途：商品住宅，建筑面积：566.87㎡）； 3.龙门南昆山中恒生态旅游开发有限公司名下土地使用权，地址位于惠州市龙门县南昆山生态旅游度假村上坪社区中坪村（十字水）的13宗土地（用途：综合用地，占地面积：18,556㎡）； 4.龙门南昆山中恒生态旅游开发有限公司名下在建工程，地址位于惠州市龙门县南昆山生态旅游度假村上坪社区中坪村，十字水度假村二期5栋的在建工程（用途：商住，建筑面积：5,819.65㎡）。 质押物：1.龙门南昆山中恒生态旅游开发有限公司100%股权质押。其中，十方云水（深圳）旅游投资有限公司持股49%、广东众力投资管理有限公司持股24%、深圳市前海众力投资合伙企业（有限合伙）持股2%和中恒伟业集团（控股）有限公司持股25%； 2.由龙门南昆山中恒生态旅游开发有限公司提供其名下十字水生态度假村项目全部经营收入（包括但不限于酒店经营收入、房地产销售收入、餐饮收入、旅游门票收入及其他收入等）进行质押 | H81: 何剑峰
A82: 79 | B82: 收购工商银行深圳分行铭德汇公司等6户不良资产包项目 | C82: 深圳市鸿倡发实业有限公司 | D82: 31544.37 | E82: 抵押+质押+保证 | F82: 1.上海威华塑料制品有限公司； 2.东莞市陶然居房地产开发有限公司； 3.浩鸿海（上海）投资有限公司； 4.上海和吉投资管理有限公司； 5.上海立异投资管理有限公司； 6.上海展旭投资管理有限公司； 7.上海长存投资管理有限公司； 8.上海进邦投资管理有限公司； 9.深圳市敦雅实业有限公司； 10.深圳市创粤房地产开发有限公司； 11.深圳市鸿海置地投资有限公司； 12.深圳市鸿海环球控股集团有限公司； 13.深圳市浩鸿海投资有限公司； 14.忠毅（清远）电子塑胶五金有限公司； 15.海宁市聚辉家居有限公司； 16.深圳市鸿海国际产业发展有限公司； 17.深圳市嘉霖达塑胶材料有限公司； 18.海宁市聚鑫家居有限公司； 19.林振洪； 20.李晓明； 21.彭海泉； 22.彭碧珊； 23.王玲连 | G82: 抵押物：1.东莞市陶然居房地产开发有限公司名下东莞市长安镇莲峰路50号莲峰广场负一层整层商铺01（用途：商业，建筑面积：6,997.24㎡）； 2.东莞市陶然居房地产开发有限公司名下东莞市长安镇莲峰路50号莲峰广场1幢1104等23套住宅物业（用途：住宅，建筑面积：4,375.26㎡）； 3.上海和吉投资管理有限公司、上海立异投资管理有限公司、上海展旭投资管理有限公司、上海长存投资管理有限公司、上海进邦投资管理有限公司名下上海市普陀区真北路2167号鸿海大厦办公楼14-18层办公物业（用途：办公，建筑面积：4,361.34㎡）； 4.浩鸿海（上海）投资有限公司名下上海市普陀区真北路2167号鸿海大厦裙楼1-5层整栋商业物业（用途：商业，建筑面积：6,645.72㎡）及地下1至2层车库（用途：特种用途，建筑面积：4,734.76㎡）。 质押物：1.李晓明持有的深圳市鸿倡发实业有限公司1%股权； 2.林振洪持有的深圳市鸿倡发实业有限公司99%股权； 3.彭海泉持有的深圳市鸿海环球控股集团有限公司50%股权 | H82: 何剑峰
A83: 80 | B83: 收购光大深分保千里电子等12户不良资产包项目 | C83: 深圳市保千里电子有限公司 | D83: 20000 | E83: =VLOOKUP(C83,[1]分户!$E:$L,8,0) -> 保证 | F83: 江苏保千里视像科技集团股份有限公司 | G83: 无 | H83: 何剑峰
A84: 81 | B84: 收购光大深分保千里电子等12户不良资产包项目 | C84: 深圳市利瑞和实业有限公司 | D84: 5048.741 | E84: =VLOOKUP(C84,[1]分户!$E:$L,8,0) -> 保证 | F84: 深圳市德勤业通科技有限公司、福建瑞隆农业开发有限公司、张帆、张志峰 | G84: 无 | H84: 何剑峰
A85: 82 | B85: 收购光大深分保千里电子等12户不良资产包项目 | C85: 深圳市贝尔信智能系统有限公司 | D85: 4735.5586 | E85: =VLOOKUP(C85,[1]分户!$E:$L,8,0) -> 保证 | F85: 保证人：郑长春、邓惠玲、深圳市贝尔信科技有限公司、贵州贝尔信智能系统有限公司； | G85: 无 | H85: 何剑峰
A86: 83 | B86: 收购光大深分保千里电子等12户不良资产包项目 | C86: 深圳市兖峰能源投资控股有限公司 | D86: 4779.086 | E86: =VLOOKUP(C86,[1]分户!$E:$L,8,0) -> 保证 | F86: 深圳市江盛供应链有限公司、余鑫 | G86: 无 | H86: 何剑峰
A87: 84 | B87: 收购光大深分保千里电子等12户不良资产包项目 | C87: 深圳市华江科技有限公司 | D87: 3475.304 | E87: =VLOOKUP(C87,[1]分户!$E:$L,8,0) -> 保证 | F87: 任祥林 | G87: 无 | H87: 何剑峰
A88: 85 | B88: 收购光大深分保千里电子等12户不良资产包项目 | C88: 深圳市青华瑞创实业有限公司 | D88: 2738.3101 | E88: =VLOOKUP(C88,[1]分户!$E:$L,8,0) -> 保证 | F88: 张惠雄、杨惠智 | G88: 无 | H88: 何剑峰
A89: 86 | B89: 收购光大深分保千里电子等12户不良资产包项目 | C89: 深圳市通宝莱科技有限公司 | D89: 2494.5221 | E89: =VLOOKUP(C89,[1]分户!$E:$L,8,0) -> 保证 | F89: 深圳市金利品科科技有限公司、吴文洲、庄淑娴、吴友平、吴婉丽、吴丹莉、吴东菁 | G89: 无 | H89: 何剑峰
A90: 87 | B90: 收购光大深分保千里电子等12户不良资产包项目 | C90: 深圳市逸富汽车贸易有限公司 | D90: 2268.8921 | E90: =VLOOKUP(C90,[1]分户!$E:$L,8,0) -> 保证 | F90: 广州逸展汽车销售有限公司、广州市番禺乘用汽车技术维修服务店、广州壹路发汽车销售有限公司、屈展聪、杜婉芬 | G90: 无 | H90: 何剑峰
A91: 88 | B91: 收购光大深分保千里电子等12户不良资产包项目 | C91: 惠州中城电子科技有限公司 | D91: =(19817815.65+619072*6.7465)/10000 -> 2399.4385 | E91: =VLOOKUP(C91,[1]分户!$E:$L,8,0) -> 保证 | F91: 黄海燕、徐卫东 | G91: 无 | H91: 何剑峰
A92: 89 | B92: 收购长城深分百胜珠宝（深圳）有限公司等168户债权资产包项目 | C92: 三亚岁盛旅业实业有限公司 | D92: 3169.3 | E92: =VLOOKUP(C92,[1]分户!$E:$L,8,0) -> 保证 | F92: 大连金石滩国际旅游开发有限公司 | G92: 无 | H92: 廖诗伟
A93: 90 | B93: 收购长城深分百胜珠宝（深圳）有限公司等168户债权资产包项目 | C93: 东莞泽龙线缆有限公司 | D93: 3613.8743 | E93: =VLOOKUP(C93,[1]分户!$E:$L,8,0) -> 保证 | F93: 叶炽德，东莞市锐泽电子科技有限公司 | G93: 无 | H93: 廖诗伟
A94: 91 | B94: 收购长城深分百胜珠宝（深圳）有限公司等168户债权资产包项目 | C94: 中国机械工业供销深圳集团有限公司 | D94: 6358.8582 | E94: =VLOOKUP(C94,[1]分户!$E:$L,8,0) -> 保证 | F94: 保证人中国机械工业供销总公司 | G94: 无 | H94: 廖诗伟
A95: 92 | B95: 收购长城深分百胜珠宝（深圳）有限公司等168户债权资产包项目 | C95: 中国（深圳）物资工贸集团有限公司 | D95: 3014.6604 | E95: =VLOOKUP(C95,[1]分户!$E:$L,8,0) -> 保证 | F95: 中国机械工业供销深圳集团有限公司、深圳宏昌实业有限公司 | G95: 无 | H95: 廖诗伟
A96: 93 | B96: 收购长城深分百胜珠宝（深圳）有限公司等168户债权资产包项目 | C96: 全茂科技（深圳）有限公司 | D96: 818.58825 | E96: =VLOOKUP(C96,[1]分户!$E:$L,8,0) -> 保证 | F96: 全茂科技（香港）有限公司、陈思翰 | G96: 无 | H96: 廖诗伟
A97: 94 | B97: 收购长城深分百胜珠宝（深圳）有限公司等168户债权资产包项目 | C97: 兰海电子有限公司 | D97: 100 | E97: =VLOOKUP(C97,[1]分户!$E:$L,8,0) -> 保证 | F97: 深圳市天晨科技实业有限公司 | G97: 无 | H97: 廖诗伟
A98: 95 | B98: 收购长城深分百胜珠宝（深圳）有限公司等168户债权资产包项目 | C98: 创景国际有限公司 | D98: 209.74784 | E98: =VLOOKUP(C98,[1]分户!$E:$L,8,0) -> 保证 | F98: 深圳中光实业总公司、深圳创意电子科技有限公司 | G98: 无 | H98: 廖诗伟
A99: 96 | B99: 收购长城深分百胜珠宝（深圳）有限公司等168户债权资产包项目 | C99: 宜丰实业有限公司 | D99: 4642.1646 | E99: =VLOOKUP(C99,[1]分户!$E:$L,8,0) -> 保证 | F99: 湖北省对外经济委员会 | G99: 无 | H99: 廖诗伟
A100: 97 | B100: 收购长城深分百胜珠宝（深圳）有限公司等168户债权资产包项目 | C100: 宝光科技有限公司 | D100: 12.406176 | E100: 信用 | F100: 无 | G100: 无 | H100: 廖诗伟
A101: 98 | B101: 收购长城深分百胜珠宝（深圳）有限公司等168户债权资产包项目 | C101: 宣嘉（深圳）实业有限公司 | D101: 0 | E101: 信用 | F101: 无 | G101: 无 | H101: 廖诗伟
A102: 99 | B102: 收购长城深分百胜珠宝（深圳）有限公司等168户债权资产包项目 | C102: 富奥汽车零部件股份有限公司 | D102: 2200.8439 | E102: =VLOOKUP(C102,[1]分户!$E:$L,8,0) -> 保证 | F102: 金田实业（集团）股份有限公司 | G102: 无 | H102: 廖诗伟
A103: 100 | B103: 收购长城深分百胜珠宝（深圳）有限公司等168户债权资产包项目 | C103: 广东异光集团有限公司 | D103: 148.13453 | E103: 信用 | F103: 无 | G103: 无 | H103: 廖诗伟
A104: 101 | B104: 收购长城深分百胜珠宝（深圳）有限公司等168户债权资产包项目 | C104: 成振实业有限公司 | D104: 780.36643 | E104: =VLOOKUP(C104,[1]分户!$E:$L,8,0) -> 保证 | F104: 徐仁昌 | G104: 无 | H104: 廖诗伟
A105: 102 | B105: 收购长城深分百胜珠宝（深圳）有限公司等168户债权资产包项目 | C105: 杨凌（海南）高科技热带农业有限公司 | D105: 0 | E105: 信用 | F105: 无 | G105: 无 | H105: 廖诗伟
A106: 103 | B106: 收购长城深分百胜珠宝（深圳）有限公司等168户债权资产包项目 | C106: 武汉秀林经贸公司 | D106: 321.96828 | E106: 信用 | F106: 无 | G106: 无 | H106: 廖诗伟
A107: 104 | B107: 收购长城深分百胜珠宝（深圳）有限公司等168户债权资产包项目 | C107: 殷华国际有限公司 | D107: 12.722 | E107: =VLOOKUP(C107,[1]分户!$E:$L,8,0) -> 保证 | F107: 珠海经济特区天平经济发展有限公司 | G107: 无 | H107: 廖诗伟
...
